 Dungeon Crawl Stone Soup version 0.29.0-13-gc9e81de378 (webtiles) character file.

Game seed: 1379282226282379051

1 freelancePsychic the Magician (level 1, -1/10 HPs)
             Began as a Kobold Hedge Wizard on Sept 8, 2022.
             Slain by a jackal (3 damage)
             ... on level 1 of the Dungeon.
             The game lasted 00:00:27 (121 turns).

freelancePsychic the Magician (Kobold Hedge Wizard)  Turns: 121, Time: 00:00:27

Health: -1/10      AC:  2    Str:  7    XL:     1   Next: 22%
Magic:  4/4        EV: 14    Int: 15    God:
Gold:   21         SH:  0    Dex: 14    Spells: 5/6 levels left

rFire   . . .      SeeInvis .   a - +0 dagger
rCold   . . .      Faith    .   (no shield)
rNeg    . . .      Spirit   .   b - +0 robe
rPois   .          Reflect  .   c - +0 hat
rElec   .          Harm     .   (no cloak)
rCorr   .          Rampage  .   (no gloves)
Will    .....                   (no boots)
Stlth   +++.......              (no amulet)
HPRegen 0.03/turn               (no ring)
MPRegen 0.09/turn               (no ring)

@: hasted, very quick
A: small, no large weapons, nightstalker 3
a: no special abilities


You were on level 1 of the Dungeon.
You visited 1 branch of the dungeon, and saw 1 of its levels.

You collected 21 gold pieces.

Inventory:

Hand Weapons
 a - a +0 dagger (weapon)
Armour
 b - a +0 robe (worn)
 c - a +0 hat (worn)
Scrolls
 f - a scroll of noise {unknown}
Potions
 d - a potion of magic


   Skills:
 + Level 0.0 Fighting
 * Level 0.2 Short Blades
 - Level 2.4 Dodging
 * Level 2.8 Stealth
 - Level 3.2 Spellcasting
 - Level 1.0 Conjurations
 - Level 1.0 Summonings
 - Level 1.0 Translocations


You had 5 spell levels left.
You knew the following spells:

 Your Spells              Type           Power      Damage    Failure   Level
a - Magic Dart            Conj           20%        1d4       13%         1

Your spell library contained the following spells:

 Spells                   Type           Power      Damage    Failure   Level
 Slow                     Hex            8%         N/A       21%         1
 Blink                    Tloc           10%        N/A       21%         2
 Call Imp                 Summ           5%         N/A       21%         2
 Conjure Flame            Conj/Fire      3%         6-21      43%         3
 Mephitic Cloud           Conj/Pois/Air  3%         N/A       45%         3


Dungeon Overview and Level Annotations

Branches:
Dungeon (1/15)

Altars:


Innate Abilities, Weirdness & Mutations

You are small and have problems with some larger weapons.
You are completely attuned to the shadows.


Message History

You hit the jackal but do no damage. The jackal closely misses you.
The jackal barely misses you.
You hit the jackal.
The jackal is moderately wounded.
The jackal completely misses you. The jackal closely misses you.
The jackal barely misses you. The jackal closely misses you.
You hit the jackal but do no damage.
The jackal is moderately wounded.
The jackal barely misses you. x2
You barely miss the jackal.
The jackal is moderately wounded.
The jackal bites you.
The jackal barely misses you. x2; The jackal bites you.
* * * LOW HITPOINT WARNING * * *
You closely miss the jackal.
The jackal is moderately wounded.
The jackal bites you but does no damage.
The jackal barely misses you. The jackal attacks as you move away!
The jackal bites you.
* * * LOW HITPOINT WARNING * * *
The jackal bites you but does no damage.
The jackal barely misses you. x2
The jackal misses you.
You completely miss the jackal.
The jackal is moderately wounded.
The jackal barely misses you.
It was a potion of haste.
You feel yourself speed up.
The jackal bites you but does no damage.
You closely miss the jackal.
The jackal is moderately wounded.
The jackal bites you but does no damage.
You hit the jackal.
The jackal is almost dead.
The jackal closely misses you.
You barely miss the jackal.
The jackal is almost dead.
The jackal bites you but does no damage.
You hit the jackal but do no damage.
The jackal is almost dead.
The jackal bites you.
You die...

#.# #.# #.. ##.
.# #.. #.#
#+#'# #.# #...#
.#####.+ +.<.+
....@hh# #...#
...###.# #+#+#
.......## #. .
##....# #.##
#.###.#..+#
#..#
....[.#...##
#.###
#..........#
#....
#..........###
#.###
#.#####......##
#..##


You could see 2 jackals.

Vanquished Creatures
  A jackal (D:1)
1 creature vanquished.

Notes
Turn   | Place    | Note
-------+----------+-------------------------------------------
     0 | D:1      | freelancePsychic the Kobold Hedge Wizard began the quest
                  | for the Orb.
     0 | D:1      | Reached XP level 1. HP: 10/10 MP: 4/4
   121 | D:1      | Slain by a jackal

Illustrated notes

Levels and vault maps discovered:
D:1:      nicolae_arrival_somewhat_less_tricky_arrival, layout_loops_corners,
          serial_shops, nicolae_lakefront_shop

Action                   || total
-------------------------++-------
Melee: Dagger            ||    19
  Use: Potion            ||     1
Armor: Robe              ||    10
Dodge: Dodged            ||    33
